 Dungeon Crawl Stone Soup version 0.30-a0-424-g7412bad402 (webtiles) character file.

Game seed: 8815422295597508124

1880 nono the Covered (level 8, -9/74 HPs)
             Began as an Armataur Fighter on Nov 27, 2022.
             Mangled by a vampire (10 damage)
             ... on level 6 of the Dungeon on Dec 9, 2022.
             The game lasted 00:12:18 (5306 turns).

nono the Covered (Armataur Fighter)                 Turns: 5306, Time: 00:12:19

Health: -9/74      AC: 13    Str: 22 (24) XL:     8   Next: 91%
Magic:  8/8        EV:  7    Int:  5 (9)  God:
Gold:   224        SH:  4    Dex:  5 (9)  Spells: 7/7 levels left

rFire   . . .      SeeInvis .    x - +3 whip (venom)
rCold   . . .      Faith    .    c - +0 buckler
rNeg    . . .      Spirit   .    b - +0 scale mail
rPois   .          Reflect  .    A - +0 helmet
rElec   .          Harm     .    (no cloak)
rCorr   .          Roll     +    (no gloves)
Will    .....                    (no barding)
Stlth   ..........               r - amulet of the acrobat
HPRegen 0.32/turn                q - +4 ring of protection
MPRegen 0.11/turn                (no ring)

@: mighty, about to teleport
A: large, rugged brown scales 3, deformed body, armoured tail, roll, long
tongue, awkward tongue
a: no special abilities


You were on level 6 of the Dungeon.
You visited 1 branch of the dungeon, and saw 6 of its levels.

You collected 224 gold pieces.

Inventory:

Hand Weapons
 a - a +0 flail
 w - a +0 flail of protection
 x - a +3 whip of venom (weapon)
 D - the +7 dagger of Recklessness {freeze, rF++}
   (You found it on level 5 of the Dungeon)

   It freezes those it strikes, dealing additional cold damage.
   It can also slow down cold-blooded creatures.
   rF:        It greatly protects you from fire.
Missiles
 z - a throwing net (quivered)
Armour
 b - a +0 scale mail (worn)
 c - a +0 buckler (worn)
 A - a +0 helmet (worn)
Jewellery
 l - an amulet of guardian spirit
 q - a +4 ring of protection (left hand)
 r - an amulet of the acrobat (around neck)
Wands
 v - a wand of roots (9)
 y - a wand of paralysis (8)
Scrolls
 h - 3 scrolls of enchant weapon
 j - 3 scrolls of identify {unknown}
 k - 4 scrolls of teleportation
 m - 2 scrolls of torment {unknown}
 o - a scroll of brand weapon {unknown}
 s - 2 scrolls of amnesia {unknown}
 E - a scroll of fear {unknown}
 F - a scroll of noise {unknown}
 G - a scroll of immolation {unknown}
 H - a scroll of poison {unknown}
Potions
 d - 3 potions of might
 e - a potion of berserk rage {unknown}
 f - a potion of ambrosia {unknown}
 g - 2 potions of degeneration
 i - a potion of mutation {unknown}
 n - a potion of brilliance {unknown}
 t - a potion of cancellation {unknown}
 u - a potion of attraction {unknown}
 B - a potion of curing {unknown}


   Skills:
 + Level 5.9 Fighting
 + Level 5.5 Maces & Flails
 + Level 7.8 Armour
 + Level 7.1 Shields


You had 7 spell levels left.
You didn't know any spells.
Your spell library contained the following spells:

 Spells                   Type           Power      Damage    Failure   Level
 Shock                    Conj/Air       0%         1d3       83%         1
 Dazzling Flash           Conj/Hex       0%         N/A       99%         3
 Frozen Ramparts          Ice            0%         1d1       99%         3
 Swiftness                Air            0%         N/A       99%         3
 Airstrike                Air            0%         2d(0-16)  100%        4
 Ice Form                 Ice/Tmut       0%         N/A       100%        4
 Iskenderun's Mystic Bla  Conj/Tloc      0%         2d3       100%        4
 Summon Ice Beast         Ice/Summ       0%         N/A       100%        4
 Starburst                Conj/Fire      0%         6d3       100%        6


Dungeon Overview and Level Annotations

Branches:
Dungeon (6/15)
 Temple: D:4-7

Altars:
Yredelemnul

Shops:
D:5 (


Innate Abilities, Weirdness & Mutations

You are completely covered in rugged brown scales. (AC +3, +7% HP)
Armour fits poorly on your strangely shaped body.
You have a long armoured tail.
You roll when moving toward enemies. (Rampage)
Your long tongue fully drains potion bottles. (2x potion effects)
Your tongue gives you trouble enunciating. (1.5x scroll delay)


Message History

Something draws strength from your injuries!
You barely miss something. Something hits you.
Something bites you but does no damage.
You bump into the rock wall.
Something hits you!
* * * LOW HITPOINT WARNING * * *
Something bites you but does no damage.
You slurp down every last drop of the 3 murky yellow potions!
It was a potion of degeneration.
There was something very wrong with that liquid.
You feel weakened.
You feel dopey.
You feel clumsy. Something hits you but does no damage.
Something completely misses you.
You slurp down every last drop of the 4 potions of might!
You feel very mighty all of a sudden.
You feel less confused. Something hits you but does no damage.
Something bites you but does no damage.
You hit something. You whack something! Something hits you!
* * * LOW HITPOINT WARNING * * *
Something bites you!
* * * LOW HITPOINT WARNING * * *
Something draws strength from your injuries!
You slurp down every last drop of the potion of heal wounds!
You feel much better. Something hits you!
* * * LOW HITPOINT WARNING * * *
Something bites you.
* * * LOW HITPOINT WARNING * * *
Something draws strength from your injuries!
As you slowly read the scroll of teleportation, it crumbles to dust.
You feel strangely unstable. Something hits you.
* * * LOW HITPOINT WARNING * * *
Something bites you!
* * * LOW HITPOINT WARNING * * *
Something draws strength from your injuries!
Something hits you but does no damage. Something bites you.
* * * LOW HITPOINT WARNING * * *
Something draws strength from your injuries!
You slurp down every last drop of the bubbling emerald potion!
It was a potion of magic.
Magic courses through your body. Something hits you.
* * * LOW HITPOINT WARNING * * *
Something bites you!
You die...

######....###...##
#######...# #....#....#
##...#...#.####....##.##
.........#...#.....####
#..V.........)....##
..............#..##
$.....##......#.##
.......#......#..#
............#{@.##
.......:...######
.......)...#
.......##.## ....... #.#
.....?. .## .##......
.##.... #. .....


There were no monsters in sight!

Vanquished Creatures
  Sigmund (D:4)
  Eustachio (D:6)
  Edmund (D:4)
  A water moccasin (D:6)
  An ice beast (D:6)
  A black bear (D:5)
  An ogre (D:6)
  A phantom (D:3)
  Blork the orc (D:5)
  A bullfrog (D:6)
  A gnoll sergeant (D:6)
  2 scorpions
  A vampire bat (D:3)
  2 orc priests
  3 hounds
  3 iguanas
  Terence (D:3)
  Natasha (thrice) (D:4)
  An orc wizard (D:3)
  6 adders
  7 gnolls
  2 ufetubi (D:5)
  3 worms
  3 dart slugs
  3 fire bats (D:3)
  11 orcs
  2 spectral bats (D:3)
  5 ball pythons
  3 bat skeletons (D:3)
  A bat zombie (D:3)
  4 endoplasms
  A giant cockroach (D:1)
  5 goblins
  5 hobgoblins
  9 jackals
  5 quokkas
  15 bats
  A bat simulacrum (D:3)
  3 frilled lizards
  11 kobolds
  9 rats
141 creatures vanquished.

Vanquished Creatures (others)
  8 plants (D:1)
8 creatures vanquished.

Grand Total: 149 creatures vanquished

Notes
Turn   | Place    | Note
-------+----------+-------------------------------------------
     0 | D:1      | nono the Armataur Fighter began the quest for the Orb.
     0 | D:1      | Reached XP level 1. HP: 19/19 MP: 1/1
   100 | D:1      | Reached XP level 2. HP: 26/26 MP: 2/2
   537 | D:1      | Reached XP level 3. HP: 33/33 MP: 3/3
   844 | D:1      | Upgraded the game from 0.30-a0-377-g5cb311bc9f to
                  | 0.30-a0-424-g7412bad402
   880 | D:2      | Identified the +4 short sword "Pasu" {vorpal, *Corrode
                  | Will+ Str+8 Stlth-}
  1253 | D:2      | Reached XP level 4. HP: 32/40 MP: 2/4
  1386 | D:2      | Found a basalt altar of Yredelemnul.
  1745 | D:3      | Found a faded altar of an unknown god.
  1786 | D:3      | Noticed Terence
  1808 | D:3      | Killed Terence
  1870 | D:3      | Noticed a phantom
  1881 | D:3      | Killed a phantom
  1882 | D:3      | Reached XP level 5. HP: 33/48 MP: 3/5
  2676 | D:3      | Reached skill level 5 in Armour
  2713 | D:3      | Reached XP level 6. HP: 51/55 MP: 6/6
  3245 | D:3      | Reached skill level 5 in Shields
  3396 | D:4      | Noticed Edmund
  3402 | D:4      | Noticed Sigmund
  3421 | D:4      | Killed Edmund
  3422 | D:4      | Reached XP level 7. HP: 34/64 MP: 7/7
  3441 | D:4      | Killed Sigmund
  3704 | D:4      | Noticed Natasha
  3708 | D:4      | Killed Natasha
  3803 | D:4      | Noticed Natasha
  3809 | D:4      | Killed Natasha
  3901 | D:4      | Noticed Natasha
  3908 | D:4      | Killed Natasha
  3921 | D:5      | Entered Level 5 of the Dungeon
  3922 | D:5      | Found Wuseok's Weapon Emporium.
  4219 | D:5      | Reached skill level 5 in Fighting
  4356 | D:5      | Reached XP level 8. HP: 70/72 MP: 8/8
  4474 | D:5      | Identified the +7 dagger of Recklessness {freeze, rF++}
  4774 | D:6      | Noticed Blork the orc
  4806 | D:5      | Killed Blork the orc
  4852 | D:6      | Reached skill level 5 in Maces & Flails
  5041 | D:6      | Noticed Eustachio
  5056 | D:6      | Killed Eustachio
  5303 | D:6      | HP: 1/74 [something (10)]
  5306 | D:6      | Mangled by a vampire

Illustrated notes

Levels and vault maps discovered:
D:1:      amcnicky_arrival_single_pillar, layout_loops_ring,
          lexackson_kobold_supper
D:2:      layout_rooms, basic_altar, serial_rivers,
          chequers_serial_rivers_large_b, chequers_serial_rivers_micro_e,
          chequers_serial_rivers_small_3, chequers_serial_rivers_small_3
D:3:      layout_loops_ring, nicolae_ecumenical_oubliette,
          chequers_serial_rivers_small_3, nrook_uturn, goddamned_bats,
          uniq_terence
D:4:      layout_basic, sigmund_edmund_badplayer, uniq_natasha
D:5:      layout_loops_ring, serial_shops, shop_statue
D:6:      cheibrodos_two_vegetables, layout_cave_pools, uniq_blork_the_orc,
          uniq_eustachio

Skill      XL: |  1  2  3  4  5  6  7  8 |
---------------+-------------------------+-----
Maces & Flails | 2 3 4 5 |  5.5
Armour         | 4 5 6 7 |  7.8
Fighting       | 3 4 5 |  5.9
Shields        | 4 5 6 7 |  7.1

Action                   |  1- 3 |  4- 6 |  7- 9 || total
-------------------------+-------+-------+-------++-------
Melee: Flail             |   156 |   145 |    18 ||   319
       Tailslap          |    10 |    20 |    21 ||    51
       Whip              |       |       |   155 ||   155
  Use: Potion            |       |     2 |     4 ||     6
       Scroll            |       |       |     3 ||     3
Armor: Scale mail        |    93 |   130 |    86 ||   309
Dodge: Dodged            |    55 |    85 |    65 ||   205
Block: Buckler           |    26 |    42 |    37 ||   105

Table legend: (Time is in decaauts)
 A = Elapsed time spent in this place.
 B = Non-inter-level travel time spent in this place.
 C = Inter-level travel time spent in this place.
 D = Time resting spent in this place.
 E = Time spent auto-exploring this place.
 F = Levels seen in this place.
 G = Mean time per level.
                   A        B        C        D        E       F      G
               +--------+--------+--------+--------+--------+-----+--------+
         Total |   5398 |   5144 |    254 |    258 |   3766 |   6 |  899.7 |
       Dungeon |   5398 |   5144 |    254 |    258 |   3766 |   6 |  899.7 |
               +--------+--------+--------+--------+--------+-----+--------+

Top non-repeatable levels by time:
     D:3: 1193 daAuts
     D:4: 985 daAuts
     D:2: 941 daAuts
     D:1: 905 daAuts
     D:5: 860 daAuts
     D:6: 511 daAuts
